 Dungeon Sprint DCSS version 0.29.1-15-g9cfb28693d (webtiles) character file.

Game seed: 11150185113062542142

236 dialectric the Unseen (level 5, -1/28 HPs)
             Began as a Spriggan Brigand on Mar 30, 2023.
             Slain by a wyvern (14 damage)
             ... in the Dungeon (Sprint II: "The Violet Keep of Menkaure").
             The game lasted 00:00:26 (35 turns).

dialectric the Unseen (Spriggan Brigand)              Turns: 35, Time: 00:00:26

Health: -1/28      AC:  3    Str:  7    XL:     5   Next: 77%
Magic:  6/6        EV: 18    Int: 12    God:
Gold:   243        SH:  0    Dex: 19    Spells: 4/4 levels left

rFire   . . .      SeeInvis +   a - +2 dagger
rCold   . . .      Faith    .   (no shield)
rNeg    . . .      Spirit   .   b - +0 robe
rPois   .          Reflect  .   (helmet restricted)
rElec   .          Harm     .   c - +0 cloak
rCorr   .          Rampage  .   (gloves unavailable)
Will    .....      NoTele   +   (boots unavailable)
Stlth   +++++++...              (no amulet)
HPRegen 0.09/turn               (no ring)
MPRegen 0.10/turn               (no ring)

@: very quick
A: very small, no large weapons, unfitting armour, see invisible, speed 3
a: no special abilities


You were in the Dungeon.
You visited 1 branch You collected 243 gold pieces.

Inventory:

Hand Weapons
 a - a +2 dagger (weapon)
Missiles
 d - 9 poisoned darts (quivered)
Armour
 b - a +0 robe (worn)
 c - a +0 cloak (worn)
Scrolls
 k - a scroll of blinking
Potions
 f - a potion of curing
 g - a potion of heal wounds
 h - a potion of haste
 i - 2 potions of magic
 j - a potion of berserk rage


   Skills:
 + Level 3.1 Fighting
 + Level 4.5 Short Blades
 - Level 2.9 Throwing
 + Level 2.7 Dodging
 + Level 16.7 Stealth


You had 4 spell levels left.
You didn't know any spells.
Your spell library was empty.

Dungeon Overview and Level Annotations

Branches:
Dungeon (1/1)

Altars:


Innate Abilities, Weirdness & Mutations

You are very small and have problems with some larger weapons.
You are too small for most types of armour.
You have supernaturally acute eyesight. (SInv)
You cover ground extremely quickly. (Speed+++)


Message History

You spit the scorpion like a pig!!!!
You kill the scorpion!
Your Fighting skill increases to level 3!
Your Stealth skill increases to level 16!
Unknown command.
You now have 243 gold pieces.
You see here a scorpion corpse.
There is an open door here.
You open the door.
The wyvern hisses angrily.
There is an open door here.
The wyvern completely misses you.
You see here 243 gold pieces.
You closely miss the wyvern. The wyvern completely misses you.
Unknown command.
Throw: 3 darts (curare)
Press: ? - help, Q - select action, (/) - cycle Shift-Dir - straight line, f - wyvern
Aim: a wyvern (63% to hit)
You throw a curare-tipped dart. The curare-tipped dart hits the wyvern.
The wyvern is poisoned.
The wyvern convulses.
The wyvern seems to slow down.
The wyvern is lightly wounded.
The wyvern bites you!
Ouch! That really hurt!
Throw: 2 darts (curare)
Press: ? - help, Q - select action, (/) - cycle Shift-Dir - straight line, f/p - wyvern
Aim: a wyvern (lightly wounded, very poisoned, slow, 63% to hit)
You throw a curare-tipped dart. The curare-tipped dart hits the wyvern.
The wyvern looks as sick as possible!
The wyvern convulses.
The wyvern seems to be slow for longer.
The wyvern is moderately wounded.
The wyvern closely misses you.
Throw: dart (curare)
Press: ? - help, Q - select action, (/) - cycle Shift-Dir - straight line, f/p - wyvern
Aim: a wyvern (heavily wounded, extremely poisoned, slow, 63% to hit)
You throw a curare-tipped dart.
The curare-tipped dart barely misses the wyvern.
The wyvern bites you!
Ouch! That really hurt!
You die...

## ## ##.
$## .B B.
## .#.
#l###+#
#@##.###
##'.<.+#
#.##.##.#
#l###'##
3#
####.#.##
# #††#†.#
###.###
#+#


You could see a wyvern (extremely poisoned, slow).

Vanquished Creatures
  4 scorpions (D)
4 creatures vanquished.

Notes
Turn   | Place    | Note
-------+----------+-------------------------------------------
     0 | D        | dialectric the Spriggan Brigand began the quest for the
                  | Orb.
     0 | D        | Reached XP level 1. HP: 10/10 MP: 2/2
     1 | D        | Noticed a wyvern
     1 | D        | Noticed a wyvern
     4 | D        | Noticed a boulder beetle
     4 | D        | Noticed a boulder beetle
     7 | D        | Noticed a neqoxec
    10 | D        | Noticed a scorpion
    10 | D        | Noticed a scorpion
    10 | D        | Noticed a scorpion
    10 | D        | Noticed a scorpion
    13 | D        | Killed a scorpion
    14 | D        | Reached skill level 11 in Stealth
    14 | D        | Reached XP level 2. HP: 15/15 MP: 3/3
    14 | D        | Reached XP level 3. HP: 18/18 MP: 4/4
    15 | D        | Killed a scorpion
    16 | D        | Reached skill level 13 in Stealth
    16 | D        | Reached XP level 4. HP: 23/23 MP: 5/5
    19 | D        | Killed a scorpion
    20 | D        | Reached skill level 15 in Stealth
    20 | D        | Reached XP level 5. HP: 28/28 MP: 6/6
    22 | D        | Reached skill level 16 in Stealth
    35 | D        | Slain by a wyvern

Illustrated notes

Levels and vault maps discovered:
D:        the_violet_keep_of_menkaure [sprint2_stairs_cluster_1,
          sprint2_shoproom, sprint2_temple, sprint2_basic_supplies,
          sprint2_obstacle_2, sprint2_obstacle_3, sprint2_obstacle_1,
          sprint2_obstacle_5, sprint2_obstacle_7, sprint2_timed_cluster_1,
          sprint2_smallroom_cluster_1, sprint2_smallroom_final_cluster_1,
          sprint2_transparent_cluster_1, sprint2_second_timed_cluster_1,
          sprint2_sniper_area_1, sprint2_heavy_combat_area_1,
          sprint2_mutation_trap_area_1, sprint2_forest_area_1,
          sprint2_light_combat_area_1, sprint2_behind_water_1,
          sprint2_near_end_vault_1]

Skill      XL: |  1  2  3  4  5 |
---------------+----------------+-----
Fighting       | 2 3 |  3.1
Short Blades   | 3 4 |  4.5
Stealth        | 11 13 15 16 | 16.7
Dodging        | 2 |  2.7
Throwing       | |  2.9

Action                   |  1- 3 |  4- 6 || total
-------------------------+-------+-------++-------
Melee: Dagger            |     1 |     3 ||     4
Throw: Dart              |     2 |     3 ||     5
 Stab: Sleeping          |     1 |     2 ||     3
Dodge: Dodged            |     1 |     3 ||     4
